AoeStats
← Groblin Grealmer

Oasis

509504148Analyzed
2v2 RM · 5d ago on Sep 27, 2026· 33m 26s· 4 players
Game mode
Random Map
Map size
Medium (4 player)
Population
200
Speed
Normal
Resources
Standard
Victory
Conquest
Starting age
Dark Age
Ending age
Imperial Age
RankedLock teamsTeams togetherTeam positionsShared explorationLock speedFull tech treeHidden civsTurbo modeCheats
Victory
Defeat
🇺🇸 Varangians · United States
1101
+15
🇺🇸 Saxons · United States
1036
+18
🇨🇳 Franks · China
1093
-17
🇨🇳 Persians · China
1063
-16
Groblin Grealmer
7:50 Loom
10:03 Feudal Age
10:43 Man-at-Arms
18:28 Castle Age
18:45 Bloodlines
21:44 Scale Barding Armor
28:52 Gambesons
28:53 Arson
31:59 Scale Mail Armor
goosblin
7:40 Loom
11:08 Feudal Age
17:54 Castle Age
16:22 Scale Mail Armor
16:41 Double-Bit Axe
16:39 Horse Collar
17:16 Forging
22:07 Bow Saw
22:00 Heavy Plow
21:55 Gold Mining
23:20 Squires
30:51 Chain Mail Armor
31:12 Iron Casting
32:23 Wheelbarrow
32:08 Gambesons
32:08 Arson
Noob_Forever
10:30 Feudal Age
15:11 Castle Age
13:50 Loom
14:22 Double-Bit Axe
18:03 Scale Barding Armor
19:41 Gold Mining
21:30 Wheelbarrow
21:19 Husbandry
21:18 Stone Mining
25:48 Bow Saw
28:35 Gold Shaft Mining
31:55 Imperial Age
30:10 Hand Cart
32:04 Forging
32:15 Chain Barding Armor
2288741
8:36 Loom
11:20 Feudal Age
14:08 Man-at-Arms
17:31 Wheelbarrow
17:06 Double-Bit Axe
22:40 Castle Age
20:43 Horse Collar
22:56 Pikeman
28:20 Crossbowman
29:22 Fletching
Connection lost

Rejoining the realm…

Still unreachable

The connection could not be restored.

Session expired

The server has moved on; the page needs a fresh start.